 Dungeon Crawl Stone Soup version 0.19.1 (console) character file.

11907 Kloppie the Fencer (level 11, -3/97 HPs)
             Began as a Grey Draconian Berserker on Dec 19, 2016.
             Was a High Priest of Trog.
             Engulfed by a cloud of freezing vapour (34 damage)
             ... in an ice cave.
             The game lasted 00:19:20 (10342 turns).

Kloppie the Fencer (Grey Draconian Berserker)      Turns: 10342, Time: 00:19:20

Health: -3/97      AC: 13    Str: 21    XL:     11   Next: 55%
Magic:  11/11      EV: 16    Int:  7    God:    Trog [*****.]
Gold:   345        SH:  0    Dex: 13    Spells: 0 memorised, 10 levels left

rFire  . . .     SeeInvis .     a - +2 great sword (freeze)
rCold  . . .     Gourm    .     (armour unavailable)
rNeg   . . .     Faith    +     (shield currently unavailable)
rPois  +         Spirit   .     (helmet restricted)
rElec  .         Reflect  .     f - +0 cloak
rCorr  .         Harm     .     (no gloves)
MR     .....                    (no boots)
Stlth  +.........               F - amulet of faith
                                (no ring)
                                (no ring)

@: slowed, very slow
A: walk through water, unfitting armour, big wings, poison resistance, screaming
1, unbreathing, cold-blooded, AC +12
a: Fly, Berserk, Trog's Hand, Brothers in Arms, Burn Spellbooks, Renounce
Religion


You were in an ice cave.
You worshipped Trog.
Trog was extremely pleased with you.
You were full.

You visited 1 branch of the dungeon, and saw 11 of its levels.
You also visited: Ice Cave.

You collected 345 gold pieces.

Inventory:

Hand Weapons
 a - a +2 great sword of freezing (weapon)
 b - a +1 scimitar of flaming
 C - the +6 fustibalus "Qolim" {velocity, rF+ Str+3}
   (Trog gifted it to you on level 8 of the Dungeon)

   Any stone fired from it inflicts extra damage.
   It affects your strength (+3).
   It protects you from fire.
Armour
 f - a +0 cloak (worn)
Jewellery
 F - an amulet of faith (around neck)
Wands
 i - a wand of teleportation (6/9)
 z - a wand of polymorph (19/24)
Scrolls
 c - 4 scrolls of remove curse
 k - 6 scrolls of recharging
 m - a scroll of noise
 q - a scroll of summoning
 r - a scroll of teleportation
 s - 4 scrolls of magic mapping
 u - 3 scrolls of blinking
 v - a scroll of enchant weapon
 D - a scroll of fog {unknown}
 E - a scroll of vulnerability {unknown}
Potions
 g - a potion of flight
 j - 4 potions of curing
 w - 2 potions of brilliance
Comestibles
 h - 4 meat rations
 n - 10 bread rations
 t - a beef jerky
 H - a slice of pizza


   Skills:
 + Level 9.4 Fighting
 * Level 15.8 Long Blades
 - Level 6.8 Dodging


You had 10 spell levels left.
You didn't know any spells.

Dungeon Overview and Level Annotations

Branches:
Dungeon (11/15)            Temple (0/1) D:6            Lair (0/6) D:11
    Orc (0/2) D:11

Altars:


Innate Abilities, Weirdness & Mutations

You can walk through water.
Your dull iron-grey scales are very hard. (AC +12)
You cannot fit into any form of body armour.
You can survive without breathing.
You are cold-blooded and may be slowed by cold attacks.
Your large and strong wings let you fly indefinitely.
Your system is resistant to poisons. (rPois)
You occasionally shout uncontrollably at your foes.


Message History

You finish eating.
That royal jelly was delicious!
Your skin crawls.
You feel resistant to hostile enchantments.
You feel somewhat more hungry.
You feel the effects of Trog's Hand fading.
You feel yourself speed up.
Your skin stops crawling.
You feel less resistant to hostile enchantments.
You start resting.
You are feeling hungry.
You start eating one of the 5 meat rations.
You continue eating. x2
You finish eating.
That meat ration really hit the spot!
Found a demon trident of freezing.
You are engulfed in freezing vapours.
You feel yourself slow down.
You are engulfed in freezing vapours.
You feel as though you will be slow longer.
You are engulfed in freezing vapours.
* * * LOW HITPOINT WARNING * * *
You are engulfed in freezing vapours.
You die...

.# ## .## .####
§§# .§.≈######
# §§##
.....§§..##..)
§§##
#§#.§§.....§§.)
##§§#
######..##§§...
#§§§# #...##
§§####§.##
#...###
###..@###
##....###....##
##........###
###....###
######


There were no monsters in sight!

Vanquished Creatures
  A hydra (D:11)
  The ghost of monokles the Black Sun, a journeyman DsNe of Kikubaaqudgha (D:11)
  An unseen horror (D:10)
  A hill giant (D:10)
  A cyclops (D:7)
  2 centaur zombies (D:10)
  2 ice statues (IceCv)
  An efreet (D:10)
  An ice devil (IceCv)
  A two-headed ogre (D:9)
  A troll (D:9)
  A spriggan (D:7)
  2 hungry ghosts
  Grum (D:8)
  5 orc warriors
  2 sky beasts
  5 phantoms
  5 ice beasts
  A black bear (D:6)
  8 ogres
  2 wolves (D:8)
  A necrophage (D:10)
  A centaur (D:9)
  A crocodile (D:8)
  2 big kobolds
  4 bullfrogs
  A wyvern zombie (D:9)
  8 scorpions
  6 killer bees (D:7)
  4 wights (D:8)
  A bullfrog zombie (D:9)
  6 hounds
  7 orc priests
  3 jellies
  8 orc wizards
  2 bullfrog skeletons (D:5)
  4 iguanas
  Natasha (D:3)
  8 worker ants
  2 hound skeletons
  A worker ant zombie (D:5)
  8 adders
  14 gnolls
  6 shadow imps
  5 white imps (IceCv)
  6 ufetubi (IceCv)
  4 oozes
  2 adder skeletons
  An adder zombie (D:6)
  A worm (D:2)
  4 dart slugs
  5 leopard geckos
  42 orcs
  A ball python (D:1)
  3 giant cockroaches
  11 goblins
  9 hobgoblins
  4 jackals (D:5)
  3 quokkas
  8 bats
  5 frilled lizards
  2 jackal skeletons
  19 kobolds
  3 quokka skeletons
  A quokka zombie (D:8)
  8 rats
291 creatures vanquished.

Vanquished Creatures (others)
  2 white imps (IceCv)
  6 ufetubi (IceCv)
8 creatures vanquished.

Grand Total: 299 creatures vanquished

Notes
Turn   | Place    | Note
-------+----------+-------------------------------------------
     0 | D:1      | Kloppie the Draconian Berserker began the quest for the Orb.
     0 | D:1      | Reached XP level 1. HP: 19/19 MP: 1/1
   437 | D:1      | Reached XP level 2. HP: 26/26 MP: 2/2
  1055 | D:2      | Reached XP level 3. HP: 33/33 MP: 3/3
  1278 | D:2      | Reached ** piety under Trog
  1320 | D:2      | Reached skill level 4 in Long Blades
  1590 | D:2      | Reached XP level 4. HP: 32/40 MP: 4/4
  2210 | D:3      | Noticed Natasha
  2218 | D:3      | Killed Natasha
  2624 | D:4      | Reached XP level 5. HP: 46/46 MP: 5/5
  2636 | D:4      | Reached skill level 5 in Long Blades
  2689 | D:4      | Reached *** piety under Trog
  3162 | D:4      | Noticed an ogre
  3176 | D:4      | Killed an ogre
  3176 | D:4      | Reached XP level 6. HP: 53/53 MP: 6/6
  3441 | D:4      | Reached skill level 5 in Fighting
  3441 | D:4      | Reached skill level 6 in Long Blades
  3706 | D:5      | Entered Level 5 of the Dungeon
  3712 | D:5      | Your scales start taking on a dull iron-grey colour.
  3712 | D:5      | Reached XP level 7. HP: 45/61 MP: 7/7
  3712 | D:5      | Gained mutation: You can survive without breathing. [Grey Draconian growth]
  4664 | D:6      | Reached skill level 7 in Long Blades
  4859 | D:6      | Found a staircase to the Ecumenical Temple.
  4882 | D:6      | Reached XP level 8. HP: 70/70 MP: 8/8
  4943 | D:6      | Reached skill level 5 in Dodging
  4992 | D:6      | Reached **** piety under Trog
  5226 | D:6      | Reached skill level 8 in Long Blades
  5250 | D:6      | Reached skill level 13 in Long Blades
  5250 | D:6      | Reached XP level 9. HP: 78/78 MP: 9/9
  5803 | D:7      | Reached skill level 14 in Long Blades
  6097 | D:7      | Noticed a cyclops
  6113 | D:7      | Killed a cyclops
  6113 | D:7      | Reached XP level 10. HP: 75/86 MP: 10/10
  6480 | D:8      | Reached ***** piety under Trog
  6821 | D:8      | Received a gift from Trog
  6826 | D:8      | Got a dazzling fustibalus {god gift}
  7041 | D:8      | Noticed Grum
  7052 | D:8      | Killed Grum
  7665 | D:8      | Identified the +6 fustibalus "Qolim" {velocity, rF+ Str+3} (Trog gifted it to you on level 8 of the Dungeon)
  8326 | D:9      | Gained mutation: Your system is resistant to poisons. (rPois) [potion of mutation]
  8326 | D:9      | Gained mutation: You occasionally shout uncontrollably at your foes. [potion of mutation]
  8326 | D:9      | Gained mutation: Your large and strong wings let you fly indefinitely. [potion of mutation]
  8558 | D:10     | Entered Level 10 of the Dungeon
  8723 | D:10     | Reached XP level 11. HP: 92/94 MP: 11/11
  9148 | D:10     | Killed an unseen horror
  9148 | D:10     | Reached skill level 15 in Long Blades
  9278 | D:10     | Noticed a hill giant
  9286 | D:10     | Killed a hill giant
  9655 | D:11     | Noticed monokles's ghost (journeyman DsNe)
  9669 | D:11     | Killed monokles's ghost
  9701 | D:11     | Noticed a seven-headed hydra
  9710 | D:11     | Killed a four-headed hydra
  9768 | D:11     | Found a frozen archway.
  9777 | IceCv    | Entered an ice cave
 10125 | IceCv    | HP: 4/97 [white imp/puff of frost (9)]
 10342 | IceCv    | Engulfed by a cloud of freezing vapour

Skill      XL: |  1  2  3  4  5  6  7  8  9 10 11 |
---------------+----------------------------------+-----
Long Blades    | 4 5 6 7 13 14 15 | 15.8
Dodging        | 3 4 5 6 |  6.8
Fighting       | 4 5 6 7 8 9 |  9.4

Action                   |  1- 3 |  4- 6 |  7- 9 | 10-12 || total
-------------------------+-------+-------+-------+-------++-------
Melee: Falchion          |   136 |   150 |   283 |   242 ||   811
       Tailslap          |    23 |    25 |    61 |    97 ||   206
       Great sword       |       |       |       |   209 ||   209
       Scimitar          |       |       |       |     7 ||     7
Invok: Berserk           |     1 |     5 |     7 |     7 ||    20
       Trog's Hand       |       |       |     1 |     2 ||     3
  Use: Potion            |       |       |     9 |     9 ||    18
       Scroll            |       |       |     9 |     5 ||    14
 Stab: Sleeping          |     1 |     1 |     1 |     2 ||     5
  Eat: Chunk             |     3 |    11 |    10 |    20 ||    44
       Royal jelly       |       |       |     1 |     1 ||     2
       Meat ration       |       |       |     1 |     1 ||     2
Armor: Skin              |    49 |    27 |    95 |   148 ||   319
Dodge: Dodged            |    95 |    94 |   164 |   290 ||   643
       Rpst.: Falchion   |    28 |    24 |    52 |    27 ||   131
       Great sword       |       |       |       |    48 ||    48
       Scimitar          |       |       |       |     2 ||     2
